 Dungeon Crawl Stone Soup version 0.20.1-1-g8b1a95d (console) character file.

93 hilaritas the Chiller (level 4, 0/24 HPs)
             Began as a Deep Elf Ice Elementalist on Sept 3, 2017.
             Slain by a worm (11 damage)
             ... on level 2 of the Dungeon.
             The game lasted 00:03:54 (1552 turns).

hilaritas the Chiller (Deep Elf Ice Elementalist)   Turns: 1552, Time: 00:03:56

Health: 0/24       AC:  3    Str:  6    XL:     4   Next: 37%
Magic:  0/11       EV: 13    Int: 20    God:
Gold:   58         SH:  0    Dex: 17    Spells: 4/10 levels left

rFire    . . .     SeeInvis .   l - -3 dagger (curse)
rCold    . . .     Gourm    .   (no shield)
rNeg     . . .     Faith    .   a - +0 robe
rPois    .         Spirit   .   (helmet restricted)
rElec    .         Reflect  .   (no cloak)
rCorr    .         Harm     .   j - +0 pair of gloves
MR       .....                  (no boots)
Stlth    +++.......             (no amulet)
Regen    0.1/turn               (no ring)
MPRegen  0.2/turn               (no ring)

@: no status effects
A: horns 1, thin skeletal structure 1
a: no special abilities


You were on level 2 of the Dungeon.
You were not hungry.

You visited 1 branch of the dungeon, and saw 2 of its levels.

You collected 58 gold pieces.

Inventory:

Hand Weapons
 l - a cursed -3 dagger (weapon)
Missiles
 f - 8 stones (quivered)
Armour
 a - a +0 robe (worn)
 j - a +0 pair of gloves (worn)
 p - a +0 helmet
Scrolls
 d - a scroll of random uselessness {unknown}
 e - a scroll of amnesia {unknown}
 g - a scroll of recharging {unknown}
 n - a scroll of teleportation {unknown}
Potions
 m - a potion of might {unknown}
Books
 b - a book of Frost

   Spells                             Type                      Level
   a - Freeze                         Ice                          1
   b - Throw Frost                    Conjuration/Ice              2
   c - Ozocubu's Armour               Charms/Ice                   3
   d - Throw Icicle                   Conjuration/Ice              4
   e - Summon Ice Beast               Ice/Summoning                4
Comestibles
 c - 2 bread rations
 i - a royal jelly
 o - a chunk of flesh


   Skills:
 - Level 2.4 Dodging
 - Level 2.4 Stealth
 * Level 3.7 Spellcasting
 - Level 2.1 Conjurations
 - Level 5.0 Ice Magic


You had 4 spell levels left.
You knew the following spells:

 Your Spells              Type           Power        Failure   Level  Hunger
a - Freeze                Ice            ###.         1%          1    None
b - Throw Frost           Conj/Ice       ###...       4%          2    ##.....
c - Ozocubu's Armour      Chrm/Ice       ##......     14%         3    ###....


Dungeon Overview and Level Annotations

Branches:
Dungeon (2/15)

Altars:


Innate Abilities, Weirdness & Mutations

You have a pair of small horns on your head.
You have a somewhat thin skeletal structure. (Dex +2, Stealth)


Message History

The worm closely misses you.
You hit the worm but do no damage.
The worm is moderately wounded.
Casting: Freeze
Confirm with . or Enter, or press ? or * to list all spells.
Aiming: Freeze
Press: ? - help, Shift-Dir - straight line, f/p - worm
Aim: a worm (moderately wounded)
You freeze the worm.
The worm is severely wounded.
The worm barely misses you.
You hit the worm.
The worm is severely wounded.
The worm bites you.
* * * LOW HITPOINT WARNING * * *
It was a potion of mutation.
You feel extremely strange.
Your bones become slightly less dense.
A pair of horns grows on your head!
Your +0 helmet falls away!
It was a potion of curing.
You feel better. The worm bites you!
You die...

#..# #.#.....))..#....#
# ####.##
#.##...####.#.#### #
##.....###.##...# ..#.#
# ##.......##....#.#
#.#. #
#.........#....#.###.
.#
#.........#.##....##.
##
#...........###.#.##.
#..........####.#....
#..........(w@........
##........#####.##....#
#..........# #..#.#..#
..............#
##...#...
........w....#..# . ##
....$........##...
.w...........# ###.
#####.!..>..##


You could see a worm.

Vanquished Creatures
  4 gnolls
  An adder (D:2)
  An ooze (D:1)
  3 worms (D:2)
  A dart slug (D:1)
  2 giant cockroaches
  7 goblins
  A hobgoblin (D:1)
  2 kobolds
  A quokka (D:2)
  6 bats (D:1)
  4 rats (D:1)
33 creatures vanquished.

Notes
Turn   | Place    | Note
-------+----------+-------------------------------------------
     0 | D:1      | hilaritas the Deep Elf Ice Elementalist began the quest for the Orb.
     0 | D:1      | Reached XP level 1. HP: 10/10 MP: 6/6
   274 | D:1      | Reached skill level 4 in Ice Magic
   274 | D:1      | Reached XP level 2. HP: 13/15 MP: 6/8
   296 | D:1      | Learned a level 2 spell: Throw Frost
   707 | D:1      | Reached XP level 3. HP: 19/19 MP: 0/9
   712 | D:1      | Learned a level 3 spell: Ozocubu's Armour
  1082 | D:2      | Reached skill level 5 in Ice Magic
  1082 | D:2      | Reached XP level 4. HP: 15/24 MP: 1/10
  1551 | D:2      | Gained mutation: You have a somewhat thin skeletal structure. (Dex +2, Stealth) [potion of mutation]
  1551 | D:2      | Gained mutation: You have a pair of small horns on your head. [potion of mutation]
  1552 | D:2      | Slain by a worm

Skill      XL: |  1  2  3 |
---------------+----------+-----
Ice Magic      | 4 5 |  5.0
Conjurations   | 2 |  2.1
Dodging        | |  2.4
Stealth        | |  2.4
Spellcasting   | |  3.7

Action                   |  1- 3 |  4- 6 || total
-------------------------+-------+-------++-------
Melee: Dagger            |     2 |    36 ||    38
Throw: Stone             |       |     1 ||     1
 Cast: Freeze            |    38 |    18 ||    56
       Throw Frost       |     3 |     9 ||    12
       Ozocubu's Armour  |     1 |       ||     1
  Use: Potion            |       |     2 ||     2
  Eat: Chunk             |       |     2 ||     2
Armor: Robe              |    10 |     5 ||    15
Dodge: Dodged            |    27 |    19 ||    46
